 Dungeon Crawl Stone Soup version 0.16.1-28-gcc2312f (webtiles) character file.

163047 hemol the Warrior (level 17, -2/166 HPs)
             Began as a Minotaur Fighter on May 30, 2015.
             Was the Champion of the Shining One.
             Drowned by a water nymph (12 damage)
             ... on level 4 of the Shoals.
             The game lasted 02:11:24 (23987 turns).

hemol the Warrior (Minotaur Fighter)               Turns: 23987, Time: 02:11:25

Health: -2/166     AC: 42    Str: 21    XL:     17   Next: 23%
Magic:  26/26      EV: 20    Int:  5    God:    the Shining One [******]
Gold:   252        SH:  0    Dex: 27    Spells: 0 memorised, 16 levels left

rFire  . . .     SeeInvis .     o - +0 eveningstar (protect)
rCold  + + .     Clarity  .     a - +1 plate armour {MR+}
rNeg   + + +     SustAb   .     Q - +0 buckler {rC+}
rPois  .         Gourm    .     W - +2 hat {rC+}
rElec  .         Spirit   .     D - +2 cloak {+Inv}
rCorr  .         Warding  +     c - +2 pair of gloves {Dex+3}
rMut   .         Stasis   .     w - +2 pair of boots
MR     ++...                    N - amulet of warding
Stlth  +.........               J - ring of flight
                                V - +5 ring of protection

@: confused, agile, divine shield, engulfed (cannot breathe), glowing, very
resistant to hostile enchantments, very unstealthy
A: retaliatory headbutt, horns 2, rugged brown scales 1, thin skeletal structure
2, camouflage 1, weak 1
a: Divine Shield, Cleansing Flame, Summon Divine Warrior, Renounce Religion,
Evoke Invisibility, Evoke Flight


You were on level 4 of the Shoals.
You worshipped the Shining One.
The Shining One was exalted by your worship.
You were not hungry.

You visited 5 branches of the dungeon, and saw 28 of its levels.
You visited 1 bazaar.
You also visited: Sewer, Ossuary, Ice Cave and Volcano.

You collected 2862 gold pieces.
You spent 2610 gold pieces at shops.

Inventory:

Hand weapons
 o - a +0 eveningstar of protection (weapon)
 I - a +3 vampiric demon whip
Missiles
 R - 6 throwing nets (quivered)
Armour
 a - a +1 plate armour of magic resistance (worn)
 c - a +2 pair of gloves of dexterity (worn)
 u - the +2 chain mail of Byoritzumakk {rF+ rC+ Dex+2}
   (You found it on level 7 of the Lair of Beasts)

   It affects your dexterity (+2).
   It protects you from fire.
   It protects you from cold.
 w - a +2 pair of boots (worn)
 D - a +2 cloak of invisibility (worn)
 Q - a +0 buckler of cold resistance (worn)
 W - a +2 hat of cold resistance (worn)
Rods
 x - a +0 rod of the swarm (11/11)
   (You found it on level 3 of the Dungeon)
Jewellery
 J - a ring of flight (right hand)
 N - an amulet of warding (around neck)
 V - a +5 ring of protection (left hand)
 Z - the ring "Veitig" {-Cast rF+ Str+2 Int+2 Dex+3 Slay+3}
   (You bought it in a shop in a bazaar)

   [ring of intelligence]

   It affects your strength (+2).
   It affects your intelligence (+2).
   It affects your dexterity (+3).
   It affects your accuracy and damage with ranged weapons and melee attacks
   (+3).
   It protects you from fire.
   It prevents spellcasting.
Magical devices
 v - a wand of disintegration (10)
 H - a wand of digging (11)
 L - a wand of teleportation (1)
Scrolls
 f - 5 scrolls of enchant armour
 g - 6 scrolls of teleportation
 h - 7 scrolls of remove curse
 q - 5 scrolls of enchant weapon
 s - a scroll of acquirement
 t - 6 scrolls of magic mapping
 z - a scroll of silence {unknown}
 B - 2 scrolls of blinking {unknown}
 E - 5 scrolls of recharging {unknown}
 G - 5 scrolls of fog
 M - 4 scrolls of amnesia {unknown}
 O - a scroll of brand weapon {unknown}
 S - a scroll of holy word {unknown}
 X - 3 scrolls of vulnerability {unknown}
 Y - 3 scrolls of fear {unknown}
Potions
 b - 2 potions of agility
 e - 4 potions of might
 i - a potion of heal wounds
 l - 11 potions of curing
 m - 2 potions of ambrosia
 n - 3 potions of haste
 C - 2 potions of restore abilities
 F - a potion of berserk rage
 K - a potion of cure mutation
 P - 2 potions of resistance
 T - a potion of flight
Comestibles
 d - 12 bread rations
 j - 31 fruits
 k - a beef jerky
 r - 12 meat rations
 A - 6 slices of pizza


   Skills:
 + Level 17.5 Fighting
 - Level 16.0 Maces & Flails
 + Level 16.8 Armour
 - Level 8.8 Dodging
 - Level 8.6 Shields
 - Level 9.9 Invocations
 * Level 6.7 Evocations


You had 16 spell levels left.
You didn't know any spells.

Dungeon Overview and Level Annotations

Branches:
Dungeon (11/15)            Temple (1/1) D:6            Lair (8/8) D:9
 Shoals (4/5) Lair:3        Snake (0/5) Lair:3       Spider (0/5) Lair:5
  Slime (0/6) Lair:7          Orc (4/4) D:11            Elf (0/3) Orc:3

Altars:
Ashenzari
Cheibriados
Dithmenos
Gozag
Makhleb
Qazlal
Trog
Xom
Yredelemnul
Zin
The Shining One

Shops:
D:6 =   D:8 =   Orc:2 }   Orc:3 [   Orc:4 !}??   Shoals:3 %**[*

Annotations:
Lair:8 exclusion: ice statue


Innate Abilities, Weirdness & Mutations

You reflexively headbutt those who attack you in melee.
You have a pair of horns on your head.
You are partially covered in rugged brown scales (AC +1, +3% HP).
You have a moderately thin skeletal structure (Dex +4, Stealth+).
Your skin changes colour to match your surroundings (Stealth).
You are weak. (Str -2)


Message History

You headbutt the harpy! The harpy misses you. You block the harpy's attack.
The harpy claws you but does no damage.
The water elemental completely misses you.
You furiously retaliate!
You headbutt the water elemental! You block the merfolk's attack.
The water nymph touches you. The water nymph drowns you!
* * * LOW HITPOINT WARNING * * *
Drink which item? (? for menu, Esc to quit)
Okay, then.
Drink which item? (? for menu, Esc to quit)
You are confused.
You feel invigorated.
* * * LOW HITPOINT WARNING * * *
Your lungs strain for air!
The harpy screeches!
The harpy closely misses you. The harpy misses you. The harpy misses you.
The harpy claws you but does no damage. The water elemental barely misses you.
The merfolk barely misses you. The water nymph touches you.
The water nymph drowns you!
You die...

≈≈≈≈≈≈≈≈≈≈..#####...
≈≈≈≈≈≈≈≈≈≈≈.## # ##
≈≈≈≈≈≈≈≈≈≈≈..###.#
≈≈≈≈≈≈≈≈≈≈≈≈≈.....##
≈≈≈≈≈≈≈≈≈≈≈≈≈≈≈.......
≈≈≈≈≈≈≈≈≈≈≈≈≈≈≈≈.....
≈≈≈≈≈≈H≈≈≈≈≈≈≈≈≈≈≈...
≈≈≈≈≈≈≈.Emm≈≈≈≈≈≈≈≈...
≈≈≈≈≈≈.†@#≈≈.≈≈≈≈≈..##
≈≈≈≈≈.H#####.≈≈≈≈≈..#
≈≈≈≈. #.≈≈≈≈≈≈.. ≈≈≈≈
#..≈≈≈≈≈.. ≈≈≈
..≈≈≈≈≈≈. ≈ ..≈≈≈≈≈≈
..≈≈≈≈≈≈ ≈≈≈≈≈ ≈


You could see a merfolk, a water nymph, a water elemental and 2 harpies.

Vanquished Creatures
  2 merfolk javelineers
  2 merfolk impalers (Shoals:1)
  7 hydras
  An ice dragon (Lair:8)
  A merfolk aquamancer (Shoals:2)
  Erica (Lair:7)
  3 catoblepae (Lair:8)
  2 ogre magi (Orc:4)
  10 death yaks (Lair:8)
  Urug (Volcano)
  An orc high priest (Orc:4)
  2 deep trolls (Orc:4)
  2 sea snakes
  2 ice statues (IceCv)
  An ice devil (IceCv)
  The ghost of Turgon the Conjurer, an experienced OpWz of Fedhas (Lair:2)
  2 orc knights (D:11)
  An orb spider (Lair:5)
  6 hill giants
  12 harpies
  An orc sorcerer (Orc:3)
  2 ugly things (D:11)
  4 cyclopes
  9 manticores
  6 griffons
  4 sirens
  5 water nymphs
  3 black mambas
  16 spiny frogs
  3 komodo dragons
  2 fire drakes
  12 blue devils (IceCv)
  12 trolls
  2 wind drakes (Shoals:2)
  4 polar bears
  14 merfolk
  7 two-headed ogres
  2 boulder beetles
  31 blink frogs
  A trapdoor spider (D:11)
  7 water elementals
  4 snapping turtles
  3 basilisks
  3 wyverns
  2 steam dragons (D:11)
  48 yaks
  13 hippogriffs
  A mottled dragon (D:11)
  3 hungry ghosts
  4 wargs
  8 wolves
  17 water moccasins
  27 orc warriors
  9 porcupines
  A naga (shapeshifter) (D:10)
  Purgy (Sewer)
  3 nagas (Lair:3)
  A phantom (D:11)
  13 ice beasts
  A sky beast (D:8)
  27 ogres
  6 centaurs
  2 big kobolds
  13 crocodiles
  2 boring beetles
  2 brain worms
  11 giant frogs
  Blork the orc (Orc:1)
  A wyvern zombie (D:11)
  8 killer bees
  16 scorpions
  A troll zombie (D:11)
  4 wights (D:9)
  3 centaur zombies (Ossuary)
  6 crimson imps
  A giant frog zombie (D:5)
  4 lava snakes (Volcano)
  16 orc priests
  A centaur skeleton (D:8)
  A giant frog skeleton (D:10)
  2 human zombies (Ossuary)
  2 jellies
  7 hounds
  13 iguanas
  33 orc wizards
  A quasit (D:11)
  8 worker ants
  7 ogre zombies (D:11)
  8 sheep
  A killer bee zombie (D:10)
  3 big kobold zombies (Ossuary)
  3 hound skeletons
  3 mummies (Ossuary)
  5 scorpion zombies (Ossuary)
  23 adders
  11 gnolls
  63 river rats
  4 shadow imps
  11 white imps
  4 giant mites
  5 ufetubi (IceCv)
  5 giant geckos
  176 orcs
  A bat skeleton (D:6)
  2 bat zombies
  8 giant cockroaches
  A gnoll zombie (Ossuary)
  22 hobgoblins
  6 jackals
  13 quokkas
  3 ball pythons
  15 bats
  A giant gecko skeleton (D:8)
  10 giant newts
  19 goblins
  6 goblin zombies
  A hobgoblin skeleton (D:11)
  4 hobgoblin zombies
  A jackal skeleton (D:4)
  A jackal zombie (D:5)
  15 kobolds
  2 orc skeletons (D:11)
  19 orc zombies
  15 rats
  6 ballistomycetes
  A bush (Lair:8)
  2 fungi
  A plant (Lair:8)
1068 creatures vanquished.

Vanquished Creatures (collateral kills)
  A hill giant (D:10)
  A soldier ant (D:10)
  Menkaure (D:4)
  3 ogres
  An orc priest (D:5)
  A worker ant (D:10)
  An orc wizard (D:5)
  An iguana (D:5)
  An adder zombie (D:5)
  A giant gecko (D:5)
  6 orcs
  A giant newt (D:5)
  An orc zombie (D:11)
  A rat (D:5)
21 creatures vanquished.

Vanquished Creatures (others)
  2 vampire mosquitoes (D:4)
  A worker ant (D:11)
  3 ufetubi (IceCv)
  A white imp (IceCv)
  2 giant spores
  A bush (Lair:8)
  10 fungi (Lair:8)
  17 plants
37 creatures vanquished.

Grand Total: 1126 creatures vanquished

Notes
Turn   | Place    | Note
--------------------------------------------------------------
     0 | D:1      | hemol, the Minotaur Fighter, began the quest for the Orb.
     0 | D:1      | Reached XP level 1. HP: 19/19 MP: 1/1
   109 | D:1      | Reached XP level 2. HP: 21/27 MP: 1/1
   153 | D:1      | Reached skill level 4 in Armour
   635 | D:2      | Reached XP level 3. HP: 30/33 MP: 2/2
  1431 | D:3      | Identified a +0 rod of the swarm (11/11) (You found it on level 3 of the Dungeon)
  1478 | D:3      | Reached XP level 4. HP: 40/40 MP: 2/2
  1514 | D:3      | Reached skill level 5 in Maces & Flails
  1885 | D:4      | Reached XP level 5. HP: 39/46 MP: 2/2
  1891 | D:4      | Reached skill level 5 in Armour
  1968 | D:4      | Noticed Menkaure
  1981 | D:4      | Killed Menkaure
  1981 | D:4      | Reached skill level 6 in Maces & Flails
  1981 | D:4      | Reached XP level 6. HP: 27/52 MP: 3/3
  2204 | D:4      | Noticed an ogre
  2224 | D:4      | Killed an ogre
  2448 | D:4      | Reached skill level 7 in Maces & Flails
  2457 | D:4      | Found a shadowy altar of Dithmenos.
  2457 | D:4      | Found an opulent altar of Gozag.
  2634 | D:5      | Entered Level 5 of the Dungeon
  2670 | D:5      | Found a shadowy altar of Dithmenos.
  2713 | D:5      | Reached XP level 7. HP: 58/58 MP: 3/3
  2829 | D:5      | Reached skill level 8 in Maces & Flails
  2872 | D:5      | Got a brightly glowing mace
  2873 | D:5      | Identified the +7 mace of Twilight {freeze, rC+} (You found it on level 5 of the Dungeon)
  2906 | D:5      | Found a glowing drain.
  2913 | Sewer    | Entered a sewer
  2942 | Sewer    | Noticed Purgy
  2950 | Sewer    | Killed Purgy
  3107 | D:5      | Reached skill level 1 in Dodging
  3556 | D:6      | Found a shadowy altar of Dithmenos.
  3590 | D:6      | Found a staircase to the Ecumenical Temple.
  3596 | Temple   | Entered the Ecumenical Temple
  3606 | Temple   | Became a worshipper of the Shining One
  4063 | D:6      | Found Straexe's Jewellery Shop.
  4072 | D:6      | Reached XP level 8. HP: 67/67 MP: 3/3
  4221 | D:7      | Found a sand-covered staircase.
  4233 | Ossuary  | Entered an ossuary
  4256 | Ossuary  | Acquired the Shining One's first power
  4256 | Ossuary  | Reached skill level 5 in Fighting
  4292 | Ossuary  | Reached skill level 9 in Maces & Flails
  4308 | Ossuary  | Acquired the Shining One's second power
  4477 | Ossuary  | Reached XP level 9. HP: 73/75 MP: 4/4
  4829 | D:7      | Reached skill level 10 in Maces & Flails
  4912 | D:7      | Reached skill level 5 in Dodging
  5029 | D:7      | Found a bloodstained altar of Trog.
  5038 | D:7      | Found a glowing silver altar of Zin.
  5042 | D:7      | Found a stormy altar of Qazlal.
  5958 | D:8      | Found Reiheon's Jewellery Boutique.
  6131 | D:9      | Found a shimmering altar of Xom.
  6142 | D:9      | Found a staircase to the Lair.
  6494 | D:9      | Reached XP level 10. HP: 88/88 MP: 4/4
  6586 | D:9      | Reached skill level 11 in Maces & Flails
  6774 | D:9      | Got a blackened whip
  6775 | D:9      | Identified the +9 whip of Destiny {antimagic, rN++ MR-} (You found it on level 9 of the Dungeon)
  6828 | D:10     | Entered Level 10 of the Dungeon
  6828 | D:10     | Acquired the Shining One's third power
  6905 | D:10     | Reached skill level 10 in Armour
  7182 | D:10     | Reached skill level 12 in Maces & Flails
  7221 | D:10     | Noticed a hill giant
  7231 | D:10     | Killed a hill giant
  7231 | D:10     | Reached skill level 5 in Shields
  7249 | D:10     | Found a shimmering altar of Xom.
  7408 | D:10     | Noticed a hill giant
  7419 | D:10     | Killed a hill giant
  7468 | D:10     | Reached XP level 11. HP: 81/95 MP: 4/4
  7624 | D:10     | Noticed a hill giant
  7633 | D:10     | Killed a hill giant
  7633 | D:10     | Reached skill level 13 in Maces & Flails
  7708 | D:11     | Found a staircase to the Orcish Mines.
  7758 | D:11     | Acquired the Shining One's fourth power
  7817 | D:11     | Noticed a hill giant
  7825 | D:11     | Killed a hill giant
  8289 | D:11     | Reached skill level 14 in Maces & Flails
  8352 | D:11     | Noticed a hill giant
  8367 | D:11     | Killed a hill giant
  9067 | D:11     | Reached XP level 12. HP: 94/103 MP: 5/5
  9191 | Orc:1    | Entered Level 1 of the Orcish Mines
  9191 | Orc:1    | Noticed Blork the orc
  9201 | Orc:1    | Killed Blork the orc
  9587 | D:6      | Bought a +5 ring of protection for 770 gold pieces
 10278 | Lair:1   | Entered Level 1 of the Lair of Beasts
 10290 | Lair:1   | Reached skill level 1 in Invocations
 10772 | Lair:1   | Noticed a six-headed hydra
 10783 | Lair:1   | Killed a six-headed hydra
 10783 | Lair:1   | Reached skill level 10 in Fighting
 10933 | Lair:1   | Noticed a four-headed hydra
 10940 | Lair:1   | Killed a four-headed hydra
 11700 | Lair:2   | Noticed Turgon's ghost (experienced OpWz)
 11716 | Lair:2   | Killed Turgon's ghost
 11815 | Lair:2   | Noticed a six-headed hydra
 11823 | Lair:2   | Killed a six-headed hydra
 12147 | Lair:3   | Noticed a seven-headed hydra
 12155 | Lair:3   | Killed a seven-headed hydra
 12355 | Lair:3   | Found a staircase to the Shoals.
 12512 | Lair:3   | Found a staircase to the Snake Pit.
 12839 | Lair:4   | Reached XP level 13. HP: 118/118 MP: 14/15
 12844 | Lair:4   | Reached skill level 5 in Invocations
 13148 | Lair:4   | Noticed a four-headed hydra
 13157 | Lair:4   | Killed a four-headed hydra
 14026 | Lair:5   | Found a hole to the Spider Nest.
 14772 | Lair:6   | Got a shimmering war axe
 14776 | Lair:6   | Identified the +9 war axe of Propriety {drain, *Rage +Blink rN+ MR+ Dex+7} (You found it on level 6 of the Lair of Beasts)
 15202 | Lair:7   | Found a staircase to the Slime Pits.
 15216 | Lair:7   | Got a pitted chain mail
 15218 | Lair:7   | Found a dark tunnel.
 15256 | Volcano  | Entered a volcano
 15342 | Volcano  | Found a bloodstained altar of Trog.
 15349 | Volcano  | Noticed Urug
 15364 | Volcano  | Killed Urug
 15402 | Volcano  | Identified the +2 chain mail of Byoritzumakk {rF+ rC+ Dex+2} (You found it on level 7 of the Lair of Beasts)
 15443 | Volcano  | Found a radiant altar of Vehumet.
 15838 | Lair:7   | Noticed Erica
 15845 | Lair:7   | Killed Erica
 16061 | Lair:7   | Reached skill level 15 in Fighting
 16061 | Lair:7   | Reached XP level 14. HP: 85/135 MP: 21/21
 16443 | Lair:8   | Entered Level 8 of the Lair of Beasts
 16571 | Lair:8   | Reached skill level 15 in Armour
 16571 | Lair:8   | Reached XP level 15. HP: 83/141 MP: 23/23
 17080 | Lair:8   | Reached skill level 15 in Maces & Flails
 17095 | Lair:8   | Reached skill level 16 in Fighting
 17405 | Lair:8   | Reached XP level 16. HP: 130/151 MP: 23/25
 18521 | Orc:4    | Entered Level 4 of the Orcish Mines
 18894 | Orc:4    | Found Ciroj's Distillery.
 18907 | Orc:4    | Found Stroewae's Magic Scroll Emporium.
 18914 | Orc:4    | Found Gaupt's Magic Scroll Boutique.
 18918 | Orc:4    | Found Mur Uryr's Gadget Emporium.
 19033 | Orc:4    | Found a frozen archway.
 19041 | IceCv    | Entered an ice cave
 19599 | Orc:4    | Bought a scroll of random uselessness for 14 gold pieces
 19599 | Orc:4    | Bought a scroll of identify for 28 gold pieces
 19599 | Orc:4    | Bought a scroll of identify for 28 gold pieces
 19599 | Orc:4    | Bought a scroll of identify for 28 gold pieces
 19599 | Orc:4    | Bought a scroll of fog for 28 gold pieces
 19599 | Orc:4    | Bought a scroll of enchant weapon for 105 gold pieces
 19599 | Orc:4    | Bought a scroll of identify for 28 gold pieces
 19623 | Orc:4    | Bought a potion of heal wounds for 55 gold pieces
 19623 | Orc:4    | Bought a potion of flight for 33 gold pieces
 19627 | Orc:4    | Identified a scroll of acquirement
 19935 | Orc:3    | Found a staircase to the Elven Halls.
 20081 | Orc:2    | Found Vellamp's Gadget Shop.
 20783 | Orc:3    | Found Vunwoev's Antique Armour Shoppe.
 21197 | D:6      | Bought an uncursed ring of flight for 245 gold pieces
 21418 | Shoals:1 | Entered Level 1 of the Shoals
 21486 | Shoals:1 | Reached skill level 1 in Evocations
 21662 | Shoals:1 | Found a flickering gateway to a bazaar.
 21668 | Bazaar   | Entered a bazaar
 21668 | Bazaar   | Found Zinlian's Assorted Antiques.
 21668 | Bazaar   | Found Psocvu's Magic Scroll Boutique.
 21668 | Bazaar   | Found Shyrryum's Jewellery Shoppe.
 21671 | Bazaar   | Found Guaczo's Assorted Antiques.
 21673 | Bazaar   | Found Weant's Antique Armour Shop.
 21676 | Bazaar   | Bought a scroll of identify for 44 gold pieces
 21676 | Bazaar   | Bought a scroll labeled SHYNNA QY MEA for 22 gold pieces
 21712 | Bazaar   | Bought a scroll of identify for 20 gold pieces
 21721 | Bazaar   | Bought the ring "Veitig" {-Cast rF+ Str+2 Int+2 Dex+3 Slay+3} for 564 gold pieces
 21724 | Bazaar   | Bought a scroll labeled FIGAATHAAN for 22 gold pieces
 21739 | Bazaar   | Bought a scroll of enchant armour for 75 gold pieces
 21739 | Bazaar   | Bought a scroll of enchant armour for 75 gold pieces
 21742 | Bazaar   | Bought an embroidered cloak for 153 gold pieces
 21742 | Bazaar   | Gained mutation: You are partially covered in rugged brown scales (AC +1, +3% HP). [potion of mutation]
 21742 | Bazaar   | Gained mutation: You have a somewhat thin skeletal structure (Dex +2, Stealth). [potion of mutation]
 21742 | Bazaar   | Gained mutation: You are weak. (Str -2) [potion of mutation]
 21743 | Bazaar   | Gained mutation: You have a moderately thin skeletal structure (Dex +4, Stealth+). [potion of beneficial mutation]
 21744 | Bazaar   | Gained mutation: Your skin changes colour to match your surroundings (Stealth). [potion of beneficial mutation]
 21942 | Shoals:1 | Reached skill level 17 in Fighting
 22031 | Shoals:1 | HP: 7/159 [poisoned by a merfolk]
 22655 | Shoals:2 | Reached XP level 17. HP: 147/165 MP: 26/26
 22712 | Shoals:2 | Reached skill level 5 in Evocations
 23143 | Shoals:3 | Found Ceuchila's General Store.
 23149 | Shoals:3 | Found Ghaepp's Armour Shop.
 23163 | Shoals:3 | Bought a +0 pair of gloves of dexterity for 230 gold pieces
 23287 | Shoals:3 | Found Ocsapsi's General Store.
 23300 | Shoals:3 | Found Koidok's Assorted Antiques.
 23321 | Shoals:3 | Bought a scroll labeled LONLAY ZOCRO for 43 gold pieces
 23403 | Shoals:3 | Found Boural's Food Shop.
 23985 | Shoals:4 | HP: 4/166 [water nymph/the raging water (33)]
 23987 | Shoals:4 | Drowned by a water nymph

Action                   |  1- 3 |  4- 6 |  7- 9 | 10-12 | 13-15 | 16-18 || total
-------------------------+-------+-------+-------+-------+-------+-------++-------
Melee: Flail             |    88 |   111 |    18 |       |       |       ||   217
       Mace              |       |       |   359 |   834 |   558 |       ||  1751
       Eveningstar       |       |       |       |       |   101 |  1062 ||  1163
Throw: Throwing net      |       |       |       |     1 |       |       ||     1
Invok: Divine Shield     |       |       |     1 |     3 |     2 |     4 ||    10
       Cleansing Flame   |       |       |       |       |       |     1 ||     1
 Abil: Evoke Flight      |       |       |       |       |       |     9 ||     9
       Stop Flying       |       |       |       |       |       |     1 ||     1
Evoke: Rod               |     2 |     6 |     1 |     4 |       |       ||    13
  Use: Scroll            |       |       |     9 |     3 |     4 |    15 ||    31
       Potion            |       |       |       |     2 |     3 |    11 ||    16
 Stab: Paralysed         |     1 |       |       |       |       |       ||     1
       Distracted        |       |     1 |       |       |       |       ||     1
  Eat: Chunk             |     2 |     6 |    12 |    19 |    12 |    23 ||    74
       Beef jerky        |       |       |     1 |     2 |       |       ||     3
       Royal jelly       |       |       |       |       |     2 |       ||     2
       Pizza             |       |       |       |       |       |     2 ||     2
